 Dungeon Crawl Stone Soup version 0.31-a0-236-g9a0961fb85 (webtiles) character file.

Game seed: 16460381960667152287

379 Arzdou the Martial Artist (level 6, -1/36 (43) HPs)
             Began as a Merfolk Transmuter on July 10, 2023.
             Was an Initiate of Okawaru.
             Slain by Edmund
             ... wielding a +2 flail of draining
              (2 damage)
             ... on level 5 of the Dungeon.
             The game lasted 00:07:18 (4816 turns).

Arzdou the Martial Artist (Merfolk Transmuter)      Turns: 4816, Time: 00:07:19

HP:   -1/36 (43)    AC:  4    Str: 11    XL:     6   Next: 74%
MP:   16/18         EV: 12    Int: 14    God:    Okawaru [......]
Gold: 193           SH:  0    Dex: 14    Spells: 6/9 levels left

rFire   . .          .
                       - Unarmed
rCold   . . .        (no shield)
rNeg    . . .        p - +0 leather armour {Will+}
rPois   .            j - melded +0 helmet
rElec   .            u - +0 cloak
rCorr   .            (no gloves)
SInv    .            t - melded +0 pair of boots
Will    +....        (no amulet)
Stlth   +            m - ring of magical power
HPRegen 0.26/turn    (no ring)
MPRegen 0.16/turn

%: no passive effects
@: appendages (expiring), very slightly contaminated, heavily drained
A: horns 2, (nimble swimmer 2), mertail
a: End Transformation, Renounce Religion


You were on level 5 of the Dungeon.
You worshipped Okawaru.
Okawaru was noncommittal.
You had temporarily grown beastly horns.
You visited 2 branches of the dungeon, and saw 6 of its levels.

You collected 193 gold pieces.

Inventory:

Missiles
 q - 17 poisoned darts
Armour
 a - a +0 robe
 j - a +0 helmet (melded)
 p - a +0 leather armour of willpower (worn)
 t - a +0 pair of boots (melded)
 u - a +0 cloak (worn)
Jewellery
 k - a ring of ice
 m - a ring of magical power (left hand)
Scrolls
 e - 3 scrolls of silence
 h - a scroll of teleportation
 o - 2 scrolls of poison
 r - a scroll of blinking
 s - a scroll of immolation
 v - a scroll of vulnerability
Potions
 b - a potion of lignification
 c - 2 potions of heal wounds
 f - a potion of cancellation {unknown}
 g - a potion of curing {unknown}
 l - a potion of magic {unknown}
 n - a potion of mutation {unknown}
 x - a potion of brilliance {unknown}
 z - a potion of attraction {unknown}


   Skills:
 - Level 1.1 Fighting
 - Level 2.6 Dodging
 * Level 8.0 Unarmed Combat
 - Level 2.0 Spellcasting
 - Level 3.0 Transmutations


You had 6 spell levels left.
You knew the following spells:

 Your Spells              Type           Power      Damage    Failure   Level
a - Beastly Appendage     Tmut           18%        N/A       9%          1
b - Wereblood             Tmut           9%         N/A       14%         2

Your spell library contained the following spells:

 Spells                   Type           Power      Damage    Failure   Level
 Cigotuvi's Dreadful Rot  Necr/Pois/Air  2%         N/A       43%         2
 Spider Form              Tmut/Pois      5%         N/A       45%         3
 Ignite Poison            Fire/Tmut/Pois 4%         N/A       52%         3
 Ice Form                 Ice/Tmut       5%         N/A       86%         4
 Freezing Cloud           Conj/Ice/Air   0%         6-21      100%        5


Dungeon Overview and Level Annotations

Branches:
Dungeon (5/15)             Temple (1/1) D:4

Altars:
Ashenzari
Cheibriados
Gozag
Hepliaklqana
Kikubaaqudgha
Makhleb
Okawaru
Ru
Trog
Wu Jian
Zin
The Shining One

Annotations:
D:5 Edmund


Innate Abilities, Weirdness & Mutations

You have temporarily grown beastly horns.
((You are very nimble when in or above water. (Stealth+, EV+, Speed+++)))
Your lower body shifts to a powerful aquatic tail in water.


Message History

Nothing appears to happen.
Edmund hits you with a +2 flail of draining!
You feel drained.
Unknown command.
Unknown command.
Unknown command.
Unknown command.
You barely miss Edmund. Your headbutt misses Edmund.
You punch Edmund, but do no damage.
Edmund hits you with a +2 flail of draining!
You feel drained.
You barely miss Edmund. You headbutt Edmund, but do no damage.
Edmund drinks a potion.
Edmund suddenly seems more resistant.
You hit Edmund but do no damage.
Edmund hits you with a +2 flail of draining.
You feel drained.
You hit Edmund.
Edmund is lightly wounded.
You barely miss Edmund. Your headbutt misses Edmund.
Edmund is lightly wounded.
Edmund barely misses you.
You hit Edmund.
Edmund is moderately wounded.
Edmund closely misses you.
You closely miss Edmund.
Edmund is lightly wounded.
Edmund hits you with a +2 flail of draining.
* * * LOW HITPOINT WARNING * * *
You feel drained.
* * * LOW HITPOINT WARNING * * *
You barely miss Edmund. You headbutt Edmund!
Edmund is heavily wounded.
Your transformation is almost over.
Edmund completely misses you.
You punch Edmund! You headbutt Edmund, but do no damage.
Edmund is severely wounded.
Edmund hits you with a +2 flail of draining!
* * * LOW HITPOINT WARNING * * *
You feel drained.
You die...

#.#.##.......#
#.#.##.....).#
#.#.##.......### .
#.#>...........# ?.
#.#.##.###.#.#.# ...
#......# #.#.#.## ...
####.#..# #.#.#..# ..#
........###.#.##.##...#
####....).......@@'...+
####.#.###.###.#...#
#.#.# #.....# ..# #.#.#
#.....# ##
#.#.###.....#
#...........+
###.###.....# #.#
#.....# #.# #.#####


You could see Edmund (resistant).

Vanquished Creatures
  A phantom (D:4)
  A sleepcap (D:4)
  Jessica (D:2)
  4 iguanas
  Robin (D:2)
  4 adders
  A white imp (D:4)
  2 worms (D:4)
  3 dart slugs
  2 orcs
  6 endoplasms
  2 giant cockroaches
  13 goblins
  8 hobgoblins
  6 jackals (D:2)
  8 kobolds
  3 quokkas
  5 ball pythons
  6 bats
  3 frilled lizards
  2 rats
82 creatures vanquished.

Notes
Turn   | Place    | Note
-------+----------+-------------------------------------------
     0 | D:1      | Arzdou the Merfolk Transmuter began the quest for the Orb.
     0 | D:1      | Reached XP level 1. HP: 15/15 MP: 3/3
    93 | D:1      | Reached XP level 2. HP: 19/21 MP: 3/5
   264 | D:1      | Reached skill level 4 in Unarmed Combat
   630 | D:2      | Reached XP level 3. HP: 13/26 MP: 4/6
   633 | D:2      | Learned a level 2 spell: Wereblood
  1104 | D:2      | Noticed Jessica
  1113 | D:2      | Killed Jessica
  1114 | D:2      | Reached skill level 5 in Unarmed Combat
  1114 | D:2      | Reached XP level 4. HP: 29/32 MP: 3/7
  1186 | D:2      | Noticed Robin
  1210 | D:2      | Killed Robin
  2443 | D:3      | Reached skill level 6 in Unarmed Combat
  2443 | D:3      | Reached XP level 5. HP: 36/37 MP: 8/8
  3065 | D:4      | Noticed a phantom
  3466 | D:4      | Killed a phantom
  3467 | D:4      | Reached skill level 7 in Unarmed Combat
  3467 | D:4      | Reached XP level 6. HP: 32/43 MP: 9/9
  3526 | D:4      | Found a staircase to the Ecumenical Temple.
  3569 | Temple   | Entered the Ecumenical Temple
  3618 | Temple   | Became a worshipper of Warmaster Okawaru
  4534 | D:5      | Entered Level 5 of the Dungeon
  4600 | D:5      | Reached skill level 8 in Unarmed Combat
  4804 | D:5      | Noticed Edmund
  4816 | D:5      | HP: 1/38 [Edmund/+2 flail of draining (9)]
  4816 | D:5      | Slain by Edmund

Illustrated notes

Levels and vault maps discovered:
D:1:      scummos_arrival_simple_crosswalls, layout_rooms
D:2:      layout_basic, minmay_tiny_reverse_x, uniq_robin, uniq_jessica
D:3:      layout_loops_ring, uniq_crazy_yiuf_cottage
D:4:      nicolae_cairo_tiling_very_big, layout_basic,
          minmay_temple_entry_crystal_x, kennysheep_big_empty_room,
          minivault_11, chequers_serial_rivers_small_3
D:5:      layout_basic, uniq_grinder, uniq_edmund
Temple:   nicolae_temple_ecumenical_triangle

Skill      XL: |  1  2  3  4  5  6 |
---------------+-------------------+-----
Transmutations | 3 |  3.0
Unarmed Combat | 4 5 6 7 8 |  8.0
Fighting       | |  1.1
Dodging        | |  2.6
Spellcasting   | |  2.0

Action                     |  1- 3 |  4- 6 || total
---------------------------+-------+-------++-------
  Melee: Unarmed           |   100 |   162 ||   262
         Headbutt          |    19 |    24 ||    43
         Punch             |     3 |     3 ||     6
         Tailslap          |       |     1 ||     1
   Cast: Beastly Appendage |    15 |    26 ||    41
         Wereblood         |     4 |    24 ||    28
    Use: Scroll            |       |     9 ||     9
 Armour: Robe              |    16 |    11 ||    27
         Leather armour    |       |    20 ||    20
  Dodge: Dodged            |    57 |    87 ||   144

Table legend: (Time is in decaauts)
 A = Elapsed time spent in this place.
 B = Non-inter-level travel time spent in this place.
 C = Inter-level travel time spent in this place.
 D = Time resting spent in this place.
 E = Time spent auto-exploring this place.
 F = Levels seen in this place.
 G = Mean time per level.
                   A        B        C        D        E       F      G
               +--------+--------+--------+--------+--------+-----+--------+
         Total |   4759 |   4563 |    196 |    203 |   3658 |   6 |  793.2 |
       Dungeon |   4702 |   4512 |    190 |    203 |   3621 |   5 |  940.4 |
        Temple |     56 |     50 |      6 |      0 |     37 |   1 |   56.0 |
               +--------+--------+--------+--------+--------+-----+--------+

Top non-repeatable levels by time:
     D:2: 1380 daAuts
     D:4: 1326 daAuts
     D:3: 1172 daAuts
     D:1: 543 daAuts
     D:5: 279 daAuts
  Temple: 56 daAuts
